 Dungeon Crawl Stone Soup version 0.31.0-32-g396128a36d (webtiles) character file.

Game seed: 16022197709018469494

42 raph the Slasher (level 3, 0/33 HPs)
             Began as a Minotaur Monk on Mar 15, 2024.
             Killed from afar by Natasha (6 damage)
             ... with a puff of flame
             ... on level 2 of the Dungeon.
             The game lasted 00:01:40 (812 turns).

raph the Slasher (Minotaur Monk)                     Turns: 812, Time: 00:01:41

Health: 0/33       AC:  3    Str: 15    XL:     3   Next: 35%
Magic:  2/2        EV: 13    Int:  7    God:
Gold:   77         SH:  0    Dex: 14    Spells: 2/2 levels left

rFire   . . .        a - +0 falchion
rCold   . . .        d - orb {light}
rNeg    . . .        b - +0 robe
rPois   .            (helmet restricted)
rElec   .            (no cloak)
rCorr   .            (no gloves)
SInv    .            k - +0 pair of boots
Will    .....        (no amulet)
Stlth   +            (no ring)
HPRegen 0.25/turn    (no ring)
MPRegen 0.08/turn

%: no passive effects
@: glowing
A: horns 2, retaliatory headbutt
a: no special abilities


You were on level 2 of the Dungeon.
You visited 1 branch of the dungeon, and saw 2 of its levels.

You collected 77 gold pieces.

Inventory:

Hand Weapons
 a - a +0 falchion (weapon)
Armour
 b - a +0 robe (worn)
 d - an orb of light (worn)
 k - a +0 pair of boots (worn)
Jewellery
 g - an amulet of the acrobat
Scrolls
 f - a scroll of blinking {unknown}
 i - a scroll of enchant armour {unknown}
Potions
 c - a potion of ambrosia
 e - a potion of heal wounds {unknown}
 h - a potion of magic {unknown}
 j - a potion of lignification {unknown}
 l - a potion of brilliance {unknown}


   Skills:
 + Level 4.1 Fighting
 * Level 4.6 Long Blades
 + Level 3.7 Dodging


You had 2 spell levels left.
You didn't know any spells.
Your spell library was empty.

Dungeon Overview and Level Annotations

Branches:
Dungeon (2/15)

Altars:

Annotations:
D:2 Natasha


Innate Abilities, Weirdness & Mutations

You have a pair of horns on your head.
You reflexively headbutt those who attack you in melee.


Message History

Found an escape hatch in the floor.
The ball python hisses angrily.
The quokka misses you.
You slash the quokka!
You kill the quokka!
The ball python barely misses you. x2
You slash the ball python!
You kill the ball python!
You see here a ball python corpse.
You start resting.
HP restored.
Okay, then.
There is an escape hatch in the floor here.
You now have 77 gold pieces (gained 10).
l - a pink potion
There is an escape hatch in the floor here.
Natasha, Servant of Life and Death comes into view.
She is carrying a wand of flame.
Natasha hisses angrily.
Natasha zaps a wand.
The puff of flame hits you!
Found a pair of gloves and a scroll labelled BIAXZI WEWYXT.
Natasha mumbles some strange words.
You see here a scroll labelled BIAXZI WEWYXT.
Natasha zaps a wand.
The puff of flame hits you!
The cerulean imp hits you with a +0 spear.
You see here a +0 pair of gloves.
You are too injured to fight recklessly!
You are too injured to fight recklessly!
You are too injured to fight recklessly!
You are too injured to fight recklessly!
You are too injured to fight recklessly!
You are too injured to fight recklessly!
You are too injured to fight recklessly!
You are too injured to fight recklessly!
You are too injured to fight recklessly!
Natasha zaps a wand.
The puff of flame hits you!
* * * LOW HITPOINT WARNING * * *
The cerulean imp misses you.
Natasha zaps a wand.
The puff of flame hits you.
You die...
Natasha begins licking her fur clean.

#.# #..>...... #.#
#..####### #.#
#..# #.#
#.†############
#.# #.............
#.# ##.#######..##
#.####.#######...#
#......>.........#
######.#######@..#
#.# #.....# #.#
#.[5..# #.#
#.h?....... #.#
#....#..#.. #.#
#....#8.# # #..
..##.#..# ###
#.#..# .#


You could see Natasha and a cerulean imp (summoned).

Vanquished Creatures
  A ribbon worm (D:2)
  2 bats (D:1)
  6 endoplasms (D:1)
  A giant cockroach (D:1)
  A goblin (D:1)
  4 hobgoblins (D:1)
  7 jackals (D:1)
  4 quokkas
  4 ball pythons
  3 rats (D:1)
33 creatures vanquished.

Notes
Turn   | Place    | Note
-------+----------+-------------------------------------------
     0 | D:1      | raph the Minotaur Monk began the quest for the Orb.
     0 | D:1      | Reached XP level 1. HP: 19/19 MP: 0/0
    60 | D:1      | Reached XP level 2. HP: 21/27 MP: 1/1
   387 | D:1      | Reached XP level 3. HP: 30/33 MP: 2/2
   426 | D:1      | Found a faded altar of an unknown god.
   807 | D:2      | Noticed Natasha
   812 | D:2      | Killed from afar by Natasha

Illustrated notes

Levels and vault maps discovered:
D:1:      evilmike_arrival_hilbert_curve, layout_rooms,
          chequers_ecumenical_altar_lobes, chequers_serial_rivers_micro_c,
          minmay_misc_feat_more_columns
D:2:      layout_loops_ring, chequers_decorated_corner, grunt_decor_clamped,
          uniq_natasha, uniq_sigmund

Skill      XL: |  1  2 |
---------------+-------+-----
Long Blades    | 4 |  4.6
Fighting       | 4 |  4.1
Dodging        | |  3.7

Action                     || total
---------------------------++-------
  Melee: Falchion          ||    58
         Headbutt          ||     5
 Armour: Robe              ||    34
  Dodge: Dodged            ||    56
